Map: Overgrowth LE (Void)

Players

TYTY (TY) - Winner!

  • Race: Terran Terran
  • League: Diamond
  • Spawn Location: 7:00

PSiArc

  • Race: Terran Terran
  • League: Master
  • Spawn Location: 1:00

Event: WESG 2016 Finals

VOD

Have the link to the VOD?

Description

Time

  • Played on: Jan. 13, 2017, 4:02 a.m.
  • Length: 11:50

All games in this series

Show
View Real Time Build Order
Export as new Build Order

TYTY Terran - Winner!

Build Orders: 1/1/1, Cyclone Opening, Bio Tank 

Get SALT Encoding   

  12  0:00  SCV  
  13  0:12  SCV  
  14  0:18  Supply Depot  
  14  0:24  SCV  
  14  0:27  Refinery  
  15  0:39  SCV  
  16  0:44  Barracks  
  16  0:50  Refinery  
  16  0:55  SCV  
  17  1:07  SCV  
  18  1:19  SCV  
  19  1:31  Reaper  
  19  1:32  Factory  
  20  1:36  Orbital Command  
  20  1:45  Supply Depot  
  20  2:03  Reaper, SCV  
  22  2:15  SCV  
  23  2:16  Cyclone  
  23  2:22  Starport  
  26  2:27  SCV  
  27  2:34  Supply Depot  
  27  2:35  Barracks Tech Lab  
  27  2:39  SCV  
  31  2:56  SCV  
  31  3:04  Raven  
  30  3:09  Command Center  
  30  3:14  Hellion  
  30  3:17  Barracks Reactor  
  30  3:19  SCV  
  33  3:26  Supply Depot  
  33  3:31  SCV  
  34  3:36  Hellion  
  36  3:43  SCV  
  36  3:47  Raven  
  39  3:53  Marine x2  
  41  3:55  SCV  
  41  3:59  Factory Tech Lab  
  41  4:09  Command Center  
  41  4:12  Marine  
  41  4:13  Marine  
  43  4:22  Orbital Command  
  43  4:28  Siege Tank  
  46  4:34  SCV  
  47  4:39  Orbital Command, Viking  
  49  4:46  Viking  
  49  4:50  Marine  
  49  4:52  SCV  
  53  5:03  Siege Tank  
  53  5:04  SCV  
  57  5:07  SCV  
  58  5:16  SCV  
  58  5:17  Viking  
  58  5:19  SCV  
  62  5:28  Orbital Command  
  62  5:29  Marine  
  62  5:30  SCV  
  62  5:31  SCV  
  62  5:34  Refinery x2  
  65  5:40  Siege Tank  
  65  5:42  SCV  
  69  5:43  SCV  
  70  5:54  SCV  
  70  5:55  Viking  
  72  5:59  SCV  
  72  6:00  SCV  
  72  6:02  Supply Depot  
  72  6:03  Supply Depot, Viking  
  76  6:04  Supply Depot  
  76  6:07  SCV  
  76  6:10  Supply Depot  
  77  6:14  Stimpack  
  77  6:23  Marine  
  77  6:24  SCV x2  
  80  6:25  Engineering Bay  
  80  6:26  Siege Tank, SCV  
  80  6:27  Engineering Bay  
  81  6:36  SCV  
  81  6:37  SCV  
  81  6:41  Marine  
  81  6:46  Viking x2  
  76  6:59  Marine  
  75  7:03  SCV x2  
  75  7:14  Siege Tank  
  78  7:16  Viking  
  78  7:17  Marine, Viking  
  78  7:18  SCV x2  
  80  7:35  SCV x2  
  77  7:47  Marine  
  77  7:48  Siege Tank, SCV x2  
  77  7:49  SCV  
  80  7:59  Refinery  
  80  8:00  SCV  
  80  8:04  Marine  
  80  8:09  SCV  
  80  8:11  Terran Infantry Weapons Level 1  
  80  8:12  Terran Infantry Armor Level 1  
  81  8:16  Combat Shields  
  81  8:18  Starport Reactor  
  81  8:19  SCV  
  82  8:20  Barracks  
  82  8:22  Marine, Barracks  
  83  8:28  Orbital Command, SCV  
  83  8:30  Supply Depot x2  
  83  8:32  SCV  
  85  8:44  Marine, SCV  
  85  8:45  SCV  
  84  8:54  SCV  
  85  8:56  SCV  
  85  8:57  SCV  
  87  9:03  Marine  
  87  9:06  SCV  
  87  9:07  Marine x2  
  87  9:08  SCV  
  87  9:09  Sensor Tower, SCV  
  93  9:11  Starport Reactor  
  93  9:13  Armory  
  93  9:14  Marine x2  
  93  9:16  Siege Tank  
  98  9:18  SCV  
  98  9:20  Supply Depot, Marine, SCV  
  98  9:21  Supply Depot x2  
  101  9:28  Missile Turret  
  101  9:40  Supply Depot  
  101  9:41  Supply Depot  
  101  9:42  Marine x3  
  101  9:43  Barracks  
  101  9:44  Barracks  
  101  9:45  Supply Depot, Marine x2  
  104  9:46  Refinery  
  104  9:47  Medivac x2  
  104  9:52  Siege Tank  
  112  9:54  SCV x3  
  112  9:56  Refinery  
  112  9:59  Marine x3  
  115  10:03  Marine x2  
  115  10:06  SCV  
  119  10:10  SCV x2  
  121  10:17  Medivac, Marine  
  121  10:18  SCV  
  121  10:21  Marine x4  
  125  10:24  Medivac  
  125  10:25  SCV x2  
  132  10:31  Missile Turret  
  132  10:33  Barracks Reactor x2  
  132  10:39  SCV x2  
  132  10:40  Siege Tank  
  132  10:42  Supply Depot  
  137  10:46  Marine x5  
  137  10:47  Medivac  
  144  10:52  Supply Depot  
  144  10:54  Medivac  
  146  11:04  Marine x4  
  150  11:14  Marine x4  
  150  11:15  Siege Tank  
  150  11:17  Medivac  
  159  11:20  Marine  
  159  11:21  Marine  
  159  11:22  Marine  
  159  11:23  Marine x2  
  164  11:32  Marine  
  165  11:33  Supply Depot x2  
Show
View Real Time Build Order
Export as new Build Order

PSiArc Terran 

Build Orders: 1/1/1, Cyclone Opening, Bio Tank 

Get SALT Encoding   

  12  0:00  SCV  
  13  0:12  SCV  
  14  0:17  Supply Depot  
  14  0:25  SCV  
  15  0:29  Refinery  
  15  0:39  SCV  
  16  0:43  Barracks  
  16  0:51  SCV  
  16  0:54  Refinery  
  17  1:03  SCV  
  18  1:15  SCV  
  19  1:30  Orbital Command, Reaper  
  20  1:34  Factory  
  20  1:43  Supply Depot  
  20  1:55  SCV  
  21  2:02  Reaper  
  22  2:08  SCV  
  23  2:18  Cyclone  
  23  2:20  Starport  
  23  2:21  SCV  
  27  2:28  Supply Depot  
  27  2:33  SCV  
  27  2:34  Barracks Tech Lab  
  28  2:45  SCV  
  29  2:58  SCV  
  29  3:06  Widow Mine  
  29  3:10  SCV  
  29  3:11  Raven  
  34  3:17  Command Center  
  34  3:19  Barracks Reactor  
  34  3:23  SCV  
  35  3:32  Supply Depot  
  35  3:36  SCV  
  36  3:41  Factory Tech Lab  
  36  3:48  SCV  
  37  3:54  Viking  
  39  3:57  Marine x2  
  39  4:00  Siege Tank  
  39  4:01  SCV  
  45  4:04  Supply Depot  
  45  4:13  SCV  
  45  4:15  Marine  
  47  4:25  Marine  
  47  4:26  SCV  
  47  4:29  Orbital Command  
  49  4:32  Siege Tank  
  49  4:36  Refinery  
  49  4:38  SCV  
  53  4:49  Viking x2  
  53  4:50  SCV  
  58  4:57  SCV  
  59  5:00  Marine  
  59  5:02  SCV  
  59  5:06  Supply Depot  
  61  5:09  Supply Depot, SCV  
  58  5:14  Liberator, SCV  
  58  5:18  Marine  
  58  5:21  SCV  
  58  5:26  SCV  
  56  5:31  Viking  
  56  5:33  SCV  
  62  5:39  SCV  
  62  5:40  Stimpack  
  63  5:45  SCV  
  63  5:49  Marine  
  65  5:51  SCV  
  66  5:57  Siege Tank, SCV  
  66  6:01  Supply Depot  
  66  6:03  SCV  
  71  6:06  Viking  
  71  6:07  Marine  
  71  6:09  SCV  
  75  6:12  Supply Depot  
  75  6:15  SCV  
  76  6:23  Viking  
  76  6:25  Marine  
  79  6:26  SCV  
  79  6:28  SCV  
  81  6:33  Siege Tank  
  81  6:38  SCV  
  82  6:43  Marine  
  83  6:49  SCV  
  83  6:51  SCV  
  85  7:00  Marine, Viking  
  85  7:01  Viking  
  85  7:02  SCV  
  83  7:10  SCV  
  84  7:18  Marine  
  84  7:21  Siege Tank  
  82  7:33  SCV  
  82  7:35  SCV  
  82  7:36  Marine  
  77  7:45  SCV  
  77  7:49  SCV  
  66  7:54  Marine  
  66  7:56  Combat Shields  
  66  7:57  SCV  
  66  8:02  Refinery, SCV  
  67  8:06  Barracks  
  67  8:07  Supply Depot  
  67  8:08  Engineering Bay, Barracks  
  67  8:09  SCV  
  68  8:14  SCV  
  68  8:15  Marine  
  68  8:19  Siege Tank  
  73  8:22  SCV  
  73  8:26  SCV  
  75  8:33  Supply Depot  
  75  8:34  SCV  
  76  8:36  Terran Infantry Weapons Level 1  
  76  8:38  SCV  
  77  8:46  SCV  
  77  8:48  Marine  
  78  8:50  Medivac x2, SCV  
  78  8:55  Barracks  
  84  8:56  Barracks Reactor x2  
  84  8:57  Barracks  
  84  9:13  Command Center  
  84  9:14  SCV  
  84  9:15  SCV  
  86  9:20  Siege Tank, Marine  
  90  9:29  Missile Turret  
  90  9:36  SCV x2  
  90  9:38  Marine  
  93  9:40  Marine x2  
  93  9:41  Marine x2  
  93  9:44  Barracks Reactor x2  
  97  9:48  SCV  
  97  9:51  Armory  
  98  9:53  Engineering Bay  
  98  9:55  Marine  
  98  9:57  Marine  
  99  10:07  Marine x2  
  99  10:08  Siege Tank, Marine  
  99  10:13  Marine  
  106  10:15  Marine  
  106  10:16  SCV  
  106  10:17  Medivac  
  106  10:20  Marine  
  110  10:22  Marine  
  110  10:24  Marine  
  110  10:25  Marine x3  
  110  10:26  Orbital Command  
  115  10:34  Marine  
  115  10:35  Marine  
  117  10:37  SCV  
  117  10:38  SCV  
  119  10:50  Siege Tank, Marine, Refinery x2  
  119  10:51  Marine x2  
  119  10:54  Marine  
  119  10:55  Marine  
  119  10:57  Marine x3  
  130  11:09  Marine x3  
  133  11:13  Sensor Tower  
  133  11:15  Missile Turret  
  133  11:16  Supply Depot, Marine  
  133  11:17  Supply Depot  
  134  11:20  Marine  
  134  11:21  Marine x3  
Tags
 
Add a new tag
Caveats
  • Supply blocks, unpowered buildings, or Contaminate may cause inaccurate times.
  • Supply counts are checked every 10 seconds.